[Event "34th MPL National U12G Chess-ch 2022"]
[Site "Mysore"]
[Date "2022.04.12"]
[Round "7.5"]
[White "Kathakali Dey"]
[Black "Kalyani Sirin"]
[Result "1/2-1/2"]
[ECO "D06"]
[WhiteElo "1130"]
[BlackElo "1243"]
[Annotator "NA RC"]
[PlyCount "126"]
[EventDate "2022.04.09"]
[EventCountry "IND"]
[SourceTitle "playchess.com"]
[Source "ChessBase"]
[SourceQuality "1"]
[TimeControl "5400+30"]

1. Nf3 Nf6 2. d4 d5 3. c4 Bf5 4. Nc3 e6 5. Bg5 Be7 6. e3 Ne4 7. Bxe7 Qxe7 8. cxd5 Nxc3 9. bxc3 exd5 10. Bd3 Bg6 11. O-O O-O 12. Ne5 Bxd3 13. Qxd3 f6 14. Nf3 Nd7 15. Qb5 Nb6 16. Nd2 c6 17. Qd3 Qe6 18. a4 f5 19. a5 Nd7 20. Rfe1 Nf6 21. h3 Kh8 22. Nf3 h6 23. Ne5 Ne4 24. f3 Ng5 25. Rab1 Rab8 26. h4 Nf7 27. f4 Nxe5 28. dxe5 b6 29. axb6 axb6 30. Qd4 c5 31. Qd3 Ra8 32. Red1 Rfd8 33. Ra1 Rxa1 34. Rxa1 g5 35. hxg5 hxg5 36. Ra7 Rd7 37. Rxd7 Qxd7 38. fxg5 Qe6 39. Qd1 Qxe5 40. Qh5+ Kg8 41. Qg6+ Kf8 42. Qh6+ Kg8 43. g6 Qf6 44. Qh7+ Kf8 45. Qh6+ Kg8 46. Qh5 d4 47. Qh7+ Kf8 48. exd4 cxd4 49. g7+ Qxg7 50. Qxf5+ Qf7 51. Qc8+ Qe8 52. Qxe8+ Kxe8 53. cxd4 Ke7 54. Kf2 Ke6 55. Ke3 Kf5 56. Kd3 b5 57. Kc3 Ke4 58. g3 b4+ 59. Kc4 b3 60. Kxb3 Kxd4 61. Kc2 Ke3 62. Kd1 Kf3 63. Kd2 Kxg3 1/2-1/2

[Event "34th MPL National U12G Chess-ch 2022"]
[Site "Mysore"]
[Date "2022.04.12"]
[Round "7.6"]
[White "Charvi A"]
[Black "Aadya Gupta"]
[Result "1-0"]
[ECO "C54"]
[WhiteElo "1267"]
[BlackElo "1218"]
[Annotator "NA RC"]
[PlyCount "97"]
[EventDate "2022.04.09"]
[EventCountry "IND"]
[SourceTitle "playchess.com"]
[Source "ChessBase"]
[SourceQuality "1"]
[TimeControl "5400+30"]

1. e4 e5 2. Nf3 Nc6 3. Bc4 Bc5 4. c3 Nf6 5. d3 a6 6. Bb3 d6 7. O-O Ba7 8. Nbd2 O-O 9. h3 Be6 10. Bc2 d5 11. exd5 Nxd5 12. Ne4 h6 13. Re1 f5 14. Ng3 Qd6 15. Qe2 e4 16. dxe4 Qxg3 17. exd5 Bxd5 18. Be3 Bxe3 19. Qxe3 Qg6 20. Qf4 Bxf3 21. Qxf3 Kh8 22. Qf4 Rac8 23. Rad1 Qg5 24. Qf3 Rcd8 25. Ba4 Rxd1 26. Rxd1 Rf6 27. Bb3 f4 28. Qe4 Qf5 29. Qxf5 Rxf5 30. Rd7 g5 31. Rxc7 Rb5 32. Rd7 Na5 33. Rd5 Kg7 34. Rxb5 axb5 35. Kf1 Kf6 36. Ke2 Ke5 37. Kd3 Nc6 38. a4 b4 39. cxb4 Nxb4+ 40. Kc4 Nc6 41. Kc5 Nb8 42. Bd1 Nd7+ 43. Kb5 Kd4 44. Bf3 Nc5 45. b4 Nd3 46. Bxb7 Nxf2 47. a5 Nd3 48. a6 f3 49. Bxf3 1-0

[Event "34th MPL National U12G Chess-ch 2022"]
[Site "Mysore"]
[Date "2022.04.12"]
[Round "8.1"]
[White "Shriyana S Mallya"]
[Black "Shubhi Gupta"]
[Result "0-1"]
[ECO "C45"]
[WhiteElo "1277"]
[BlackElo "1434"]
[Annotator "NA RC"]
[PlyCount "76"]
[EventDate "2022.04.09"]
[EventCountry "IND"]
[SourceTitle "playchess.com"]
[Source "ChessBase"]
[SourceQuality "1"]
[TimeControl "5400+30"]

1. e4 e5 2. Nf3 Nc6 3. d4 exd4 4. Nxd4 Bc5 5. Be3 Qf6 6. c3 Nge7 7. Bc4 Ne5 8. Be2 Qg6 9. O-O O-O 10. Nf5 Nxf5 11. Bxc5 Nh4 12. g3 d6 13. f4 Bh3 14. Rf2 Ng4 15. Bxg4 Bxg4 16. f5 Qh5 17. Qd3 Nf3+ 18. Rxf3 Bxf3 19. Bf2 d5 20. exd5 Rad8 21. c4 Bg4 22. Nc3 Bxf5 23. Qe3 Rfe8 24. Qf4 Bh3 25. Bd4 Rd7 26. c5 Rde7 27. Bf2 Re5 28. d6 g5 29. Qf6 R8e6 30. d7 Rxf6 31. d8=Q+ Kg7 32. Qd3 Rf3 33. Qd4 f6 34. Ne4 Rf4 35. Nxf6 Qf3 36. Nh5+ Kg6 37. Nxf4+ gxf4 38. Qxf4 Qg2# 0-1

[Event "34th MPL National U12G Chess-ch 2022"]
[Site "Mysore"]
[Date "2022.04.12"]
[Round "8.2"]
[White "Shreya G Hipparagi"]
[Black "Sherali Pattnaik"]
[Result "1/2-1/2"]
[ECO "B57"]
[WhiteElo "1552"]
[BlackElo "1209"]
[Annotator "NA RC"]
[PlyCount "72"]
[EventDate "2022.04.09"]
[EventCountry "IND"]
[SourceTitle "playchess.com"]
[Source "ChessBase"]
[SourceQuality "1"]
[TimeControl "5400+30"]

1. e4 c5 2. Nf3 e6 3. d4 cxd4 4. Nxd4 a6 5. Bd3 Qc7 6. O-O Nc6 7. Be3 Nf6 8. Nb3 Be7 9. f4 d6 10. Nc3 b5 11. a4 b4 12. Ne2 Ng4 13. Qd2 O-O 14. Rac1 Bf6 15. c3 bxc3 16. Nxc3 Nxe3 17. Qxe3 Rb8 18. e5 dxe5 19. Ne4 Qb6 20. Nxf6+ gxf6 21. Nc5 f5 22. fxe5 Kh8 23. Qh6 Qd8 24. Ne4 Rg8 25. Nf6 Rg7 26. Rxc6 Bb7 27. Rc2 Qxd3 28. Rd2 Qc4 29. Rfd1 Qc7 30. Qh4 Rf8 31. g3 Qc6 32. Qh5 a5 33. b3 Qb6+ 34. Kf1 Qc6 35. Nd7 Qh1+ 36. Kf2 Qg1+ 1/2-1/2

[Event "34th MPL National U12G Chess-ch 2022"]
[Site "Mysore"]
[Date "2022.04.12"]
[Round "8.3"]
[White "Aadhya Jain"]
[Black "Prishita Gupta"]
[Result "0-1"]
[ECO "C00"]
[WhiteElo "1128"]
[BlackElo "1412"]
[Annotator "NA RC"]
[PlyCount "66"]
[EventDate "2022.04.09"]
[EventCountry "IND"]
[SourceTitle "playchess.com"]
[Source "ChessBase"]
[SourceQuality "1"]
[TimeControl "5400+30"]

1. e4 e6 2. b3 d5 3. Bb2 Nf6 4. e5 Nfd7 5. d4 c5 6. c3 Nc6 7. Nf3 Qb6 8. Bd3 Be7 9. O-O O-O 10. Nbd2 f6 11. Re1 fxe5 12. Nxe5 Ndxe5 13. dxe5 c4 14. bxc4 Qxb2 15. Qh5 h6 16. Qg6 Bc5 17. Qh7+ Kf7 18. cxd5 exd5 19. e6+ Ke8 20. Bg6+ Kd8 21. Ne4 Bxf2+ 22. Nxf2 Qxf2+ 23. Kh1 Bxe6 24. Qxg7 Rb8 25. Qxh6 Qf6 26. h4 Kd7 27. Qh7+ Kd6 28. c4 Rh8 29. c5+ Kxc5 30. Qc7 Rxh4+ 31. Kg1 Qd4+ 32. Kf1 Rh1+ 33. Ke2 Bg4# 0-1

[Event "34th MPL National U12G Chess-ch 2022"]
[Site "Mysore"]
[Date "2022.04.12"]
[Round "8.4"]
[White "Charvi A"]
[Black "Vidula Anbuselvan"]
[Result "1-0"]
[ECO "B19"]
[WhiteElo "1267"]
[BlackElo "1125"]
[Annotator "NA RC"]
[PlyCount "132"]
[EventDate "2022.04.09"]
[EventCountry "IND"]
[SourceTitle "playchess.com"]
[Source "ChessBase"]
[SourceQuality "1"]
[TimeControl "5400+30"]

1. e4 c6 2. d4 d5 3. Nc3 dxe4 4. Nxe4 Bf5 5. Ng3 Bg6 6. h4 h6 7. Nf3 e6 8. h5 Bh7 9. Bd3 Bxd3 10. Qxd3 Nf6 11. Bd2 Bd6 12. O-O-O Qc7 13. Ne4 Nxe4 14. Qxe4 Nd7 15. Qg4 Rh7 16. Qe4 Nf6 17. Qd3 Rh8 18. Kb1 O-O-O 19. g3 Rhe8 20. Qb3 Ne4 21. Be3 f5 22. d5 exd5 23. Bxa7 b5 24. Be3 f4 25. gxf4 Bxf4 26. Bxf4 Qxf4 27. Rhf1 Rf8 28. Nd4 Rf6 29. Qh3+ Rd7 30. Qd3 Rdf7 31. f3 Ng5 32. Qa3 Kd7 33. Qa7+ Qc7 34. Qa8 Rf8 35. Qa3 Qd6 36. Qb3 Kc8 37. Rd3 Ne4 38. Rdd1 Qf4 39. Qd3 Nd6 40. Nxc6 Qc4 41. Ne7+ Kd8 42. Nxd5 Qxd3 43. Rxd3 Rf5 44. Nc3 Kc7 45. Rfd1 Nc4 46. Rd7+ Kc6 47. Rxg7 Rxf3 48. Rg6+ R8f6 49. Rxf6+ Rxf6 50. b3 Ne3 51. Re1 Ng4 52. Rg1 Ne5 53. Ne2 Nf3 54. Rg3 Ng5 55. Kb2 b4 56. Rg4 Kc5 57. Ng3 Re6 58. Nf5 Nf7 59. Rg6 Kd5 60. Rg4 Rb6 61. Ne3+ Kc5 62. Rf4 Ng5 63. Ng4 Nh3 64. Rf8 Kd4 65. Rh8 Nf4 66. Nxh6 Rb7 1-0

[Event "34th MPL National U12G Chess-ch 2022"]
[Site "Mysore"]
[Date "2022.04.12"]
[Round "8.5"]
[White "Arshiya Das"]
[Black "Kathakali Dey"]
[Result "1/2-1/2"]
[ECO "B82"]
[WhiteElo "1407"]
[BlackElo "1130"]
[Annotator "NA RC"]
[PlyCount "62"]
[EventDate "2022.04.09"]
[EventCountry "IND"]
[SourceTitle "playchess.com"]
[Source "ChessBase"]
[SourceQuality "1"]
[TimeControl "5400+30"]

1. e4 c5 2. Nf3 d6 3. d4 cxd4 4. Nxd4 Nf6 5. Nc3 a6 6. f4 e6 7. Nf3 Nc6 8. Bd3 Be7 9. O-O O-O 10. Kh1 b5 11. a3 Bb7 12. Qe1 Rc8 13. Qg3 Kh8 14. Qh3 h6 15. g4 Nh7 16. Rg1 e5 17. g5 exf4 18. gxh6 g6 19. Bxf4 Bf6 20. Qg3 Be7 21. Nd5 Re8 22. Nxe7 Rxe7 23. Bxd6 Re6 24. Bf4 Kg8 25. Ng5 Nxg5 26. Bxg5 Qb6 27. Raf1 Ne7 28. Qh4 Qd6 29. h7+ Kg7 30. Qh6+ Kh8 31. Rxf7 Nf5 1/2-1/2

[Event "34th MPL National U12G Chess-ch 2022"]
[Site "Mysore"]
[Date "2022.04.12"]
[Round "8.6"]
[White "Kalyani Sirin"]
[Black "Theephigaa K P"]
[Result "1-0"]
[ECO "C54"]
[WhiteElo "1243"]
[BlackElo "1086"]
[Annotator "NA RC"]
[PlyCount "103"]
[EventDate "2022.04.09"]
[EventCountry "IND"]
[SourceTitle "playchess.com"]
[Source "ChessBase"]
[SourceQuality "1"]
[TimeControl "5400+30"]

1. e4 e5 2. Nf3 Nc6 3. Bc4 Nf6 4. d3 Bc5 5. O-O d6 6. c3 O-O 7. h3 h6 8. Re1 a6 9. a4 Bd7 10. Nbd2 Qe7 11. Nf1 Nh5 12. Ne3 Nf4 13. Nd5 Nxd5 14. exd5 Nd8 15. d4 Ba7 16. dxe5 b5 17. Bb3 Nb7 18. Bf4 dxe5 19. Nxe5 Qf6 20. Qd2 Bf5 21. axb5 Nc5 22. Ba2 Ne4 23. Rxe4 Bxe4 24. Re1 Qf5 25. Nc6 Rfe8 26. Nxa7 Rxa7 27. f3 axb5 28. fxe4 Rxe4 29. Bb1 Rxe1+ 30. Qxe1 Qd7 31. Kh2 g5 32. Bg3 Ra8 33. Qe4 Re8 34. Qh7+ Kf8 35. Qxh6+ Ke7 36. Qxg5+ f6 37. Qg7+ Kd8 38. Qxf6+ Qe7 39. Qc6 Rf8 40. Bd3 Rf6 41. Qa8+ Kd7 42. Bxb5+ c6 43. Bxc6+ Rxc6 44. Qxc6+ Kd8 45. d6 Qh7 46. Bh4+ Qxh4 47. Qc7+ Ke8 48. d7+ Kf7 49. d8=Q+ Ke6 50. Qxh4 Kf5 51. Qce7 Kg6 52. Qef6# 1-0

[Event "34th MPL National U12G Chess-ch 2022"]
[Site "Mysore"]
[Date "2022.04.13"]
[Round "9.1"]
[White "Prishita Gupta"]
[Black "Shubhi Gupta"]
[Result "0-1"]
[ECO "E07"]
[WhiteElo "1412"]
[BlackElo "1434"]
[Annotator "NA RC"]
[PlyCount "78"]
[EventDate "2022.04.09"]
[EventCountry "IND"]
[SourceTitle "playchess.com"]
[Source "ChessBase"]
[SourceQuality "1"]
[TimeControl "5400+30"]

1. d4 d5 2. g3 Nf6 3. Bg2 e6 4. c4 Be7 5. cxd5 exd5 6. Nf3 c6 7. Qc2 Nbd7 8. Nc3 O-O 9. O-O Re8 10. Bf4 Nf8 11. Rad1 Ng6 12. Bc1 Bd6 13. Rfe1 h6 14. Nd2 Be6 15. e4 dxe4 16. Ndxe4 Nd5 17. Nxd6 Qxd6 18. Ne4 Qb4 19. Nc5 Bg4 20. Rxe8+ Rxe8 21. f3 Re1+ 22. Kf2 Bf5 23. Ne4 Rxd1 24. Qxd1 Be6 25. Nc5 Bf5 26. a3 Qb6 27. Qe2 Nge7 28. Qe5 Kh7 29. f4 Bc8 30. Be4+ g6 31. Bxd5 Nxd5 32. Qe8 Qc7 33. Qf8 Bf5 34. Kf3 Nf6 35. Bd2 b6 36. Nb3 Qd7 37. Qb4 Qd5+ 38. Kf2 Ng4+ 39. Kg1 Qf3 0-1

[Event "34th MPL National U12G Chess-ch 2022"]
[Site "Mysore"]
[Date "2022.04.13"]
[Round "9.2"]
[White "Shriyana S Mallya"]
[Black "Shreya G Hipparagi"]
[Result "0-1"]
[ECO "B23"]
[WhiteElo "1277"]
[BlackElo "1552"]
[Annotator "NA RC"]
[PlyCount "112"]
[EventDate "2022.04.09"]
[EventCountry "IND"]
[SourceTitle "playchess.com"]
[Source "ChessBase"]
[SourceQuality "1"]
[TimeControl "5400+30"]

1. e4 c5 2. Nc3 Nc6 3. f4 g6 4. Nf3 Bg7 5. Bb5 Nd4 6. O-O a6 7. Bd3 e6 8. e5 Nxf3+ 9. Qxf3 d5 10. b3 b5 11. Kh1 Ne7 12. a4 b4 13. Ne2 O-O 14. c3 f6 15. exf6 Bxf6 16. Rb1 Bb7 17. Qh3 Qd6 18. cxb4 cxb4 19. Ng3 e5 20. Bb2 exf4 21. Bxf6 Rxf6 22. Ne2 Raf8 23. Nd4 Nc6 24. Nf3 Ne5 25. Ng5 Qd7 26. Qxd7 Nxd7 27. Rfe1 Nc5 28. Bc2 d4 29. Ne4 Rc6 30. Nf2 f3 31. g3 d3 32. Bd1 Re6 33. Rxe6 Nxe6 34. Rc1 Ng5 35. Kg1 Re8 36. Kf1 a5 37. Rc5 Ne6 38. Re5 Kf7 39. Nxd3 Ba6 40. Rd5 Rd8 41. Rxd8 Nxd8 42. Bc2 Nc6 43. Ke1 Nd4 44. Kd1 Bxd3 45. Bxd3 Kf6 46. Bc4 f2 47. Ba6 Nxb3 48. Ke2 Nc5 49. Bc4 Nxa4 50. Kxf2 Nb6 51. Ba2 a4 52. Ke2 b3 53. Bb1 a3 54. Kd1 a2 55. Bxa2 bxa2 56. Kc2 a1=Q 0-1

[Event "34th MPL National U12G Chess-ch 2022"]
[Site "Mysore"]
[Date "2022.04.13"]
[Round "9.3"]
[White "Sherali Pattnaik"]
[Black "Charvi A"]
[Result "1/2-1/2"]
[ECO "B90"]
[WhiteElo "1209"]
[BlackElo "1267"]
[Annotator "NA RC"]
[PlyCount "66"]
[EventDate "2022.04.09"]
[EventCountry "IND"]
[SourceTitle "playchess.com"]
[Source "ChessBase"]
[SourceQuality "1"]
[TimeControl "5400+30"]

1. e4 c5 2. Nf3 d6 3. d4 cxd4 4. Nxd4 Nf6 5. Nc3 a6 6. Be3 e5 7. Nb3 Be7 8. f3 Be6 9. Qd2 Nbd7 10. O-O-O O-O 11. g4 b5 12. h4 Rc8 13. Kb1 b4 14. Ne2 a5 15. Ng3 a4 16. Nc1 d5 17. g5 d4 18. Bf2 Ne8 19. f4 exf4 20. Qxf4 Bd6 21. Qd2 Qc7 22. Nge2 Nc5 23. Bg2 b3 24. Nxd4 bxa2+ 25. Ka1 Bf4 26. Qe2 Nd6 27. Nxa2 Nc4 28. Bh3 Bxh3 29. Rxh3 Nd6 30. e5 Nde4 31. Be3 Bxe3 32. Rxe3 Qxe5 33. Nc3 Rfe8 1/2-1/2

[Event "34th MPL National U12G Chess-ch 2022"]
[Site "Mysore"]
[Date "2022.04.13"]
[Round "9.4"]
[White "Devaki Nandana"]
[Black "Kalyani Sirin"]
[Result "0-1"]
[ECO "C54"]
[WhiteElo "1266"]
[BlackElo "1243"]
[Annotator "NA RC"]
[PlyCount "115"]
[EventDate "2022.04.09"]
[EventCountry "IND"]
[SourceTitle "playchess.com"]
[Source "ChessBase"]
[SourceQuality "1"]
[TimeControl "5400+30"]

1. e4 e5 2. Nf3 Nc6 3. Bc4 Bc5 4. c3 Nf6 5. d3 d6 6. Bb3 Bg4 7. Nbd2 O-O 8. h3 Be6 9. Bc2 d5 10. Qe2 dxe4 11. dxe4 h6 12. Nf1 Re8 13. Ng3 a5 14. a4 Qd7 15. Nh4 Rad8 16. Qf3 Bc4 17. Nhf5 Bd3 18. Bb3 Nb4 19. Be3 Ba6 20. Ne2 Bxe3 21. Qxe3 Nd3+ 22. Kf1 Nf4 23. c4 Bxc4 24. Nfg3 Nxe4 25. Nxe4 Bxe2+ 26. Kg1 Qf5 27. Ng3 Qd3 28. Qxd3 Bxd3 29. Kh2 Kf8 30. Rac1 c6 31. Rc5 Rd4 32. Rxa5 Rb4 33. Bd1 Rxb2 34. Ra7 Rxf2 35. Rg1 Ba6 36. Ne4 Rb2 37. Nc5 e4 38. Bb3 e3 39. Nxa6 Rxb3 40. Nc5 Rb2 41. Rxb7 Rxb7 42. Nxb7 e2 43. g3 Nd3 44. a5 e1=Q 45. Rxe1 Re6 46. Re3 Rxe3 47. a6 Re1 48. Nd6 Ra1 49. Kg2 c5 50. Nc4 Rxa6 51. Nb6 Ra4 52. Kf3 Rd4 53. Ke3 c4 54. Kxd4 c3 55. Nd7+ Ke7 56. Ne5 Ke6 57. Nxd3 Kf5 58. Nc5 0-1

[Event "34th MPL National U12G Chess-ch 2022"]
[Site "Mysore"]
[Date "2022.04.13"]
[Round "9.5"]
[White "Shanmathi Sree S"]
[Black "Saparya Ghosh"]
[Result "0-1"]
[ECO "B22"]
[WhiteElo "1109"]
[BlackElo "1341"]
[Annotator "NA RC"]
[PlyCount "120"]
[EventDate "2022.04.09"]
[EventCountry "IND"]
[SourceTitle "playchess.com"]
[Source "ChessBase"]
[SourceQuality "1"]
[TimeControl "5400+30"]

1. e4 c5 2. d4 cxd4 3. c3 Nf6 4. e5 Nd5 5. Nf3 e6 6. Nxd4 d6 7. exd6 Qxd6 8. Be2 a6 9. O-O Be7 10. Nd2 O-O 11. Re1 Nd7 12. Bf3 N7f6 13. h3 h6 14. Qc2 Rd8 15. a4 Bd7 16. c4 Nb4 17. Qc3 Nc6 18. Nc2 Rac8 19. b3 Qc7 20. Be4 Nxe4 21. Nxe4 Qe5 22. Qxe5 Nxe5 23. Ng3 Nd3 24. Re3 Nxc1 25. Rxc1 Bg5 26. Rce1 Bxe3 27. Rxe3 Bc6 28. Nh5 g6 29. Nf6+ Kg7 30. Ng4 Rd1+ 31. Kh2 a5 32. f3 Rd2 33. Ne1 Rcd8 34. Rc3 Re2 35. Nd3 Bxf3 36. Nf4 Bxg4 37. hxg4 Re4 38. Kg3 Rdd4 39. Rf3 e5 40. Nd5 Rxg4+ 41. Kh3 Rh4+ 42. Kg3 Rhg4+ 43. Kh3 Rg5 44. Nf6 Rf5 45. Rxf5 gxf5 46. Nh5+ Kg6 47. Ng3 f4 48. Ne2 Rd3+ 49. Kg4 f5+ 50. Kh4 Rxb3 51. Ng1 Rb4 52. Nf3 Kf6 53. Kh5 Rxc4 54. Kxh6 Rxa4 55. Kh5 e4 56. Ng1 Ra1 57. Nh3 Rh1 58. Kh4 Rxh3+ 59. gxh3 e3 60. Kh5 e2 0-1

[Event "34th MPL National U12G Chess-ch 2022"]
[Site "Mysore"]
[Date "2022.04.13"]
[Round "9.6"]
[White "Shanjula Senthil"]
[Black "Arshiya Das"]
[Result "0-1"]
[ECO "B23"]
[WhiteElo "1168"]
[BlackElo "1407"]
[Annotator "NA RC"]
[PlyCount "140"]
[EventDate "2022.04.09"]
[EventCountry "IND"]
[SourceTitle "playchess.com"]
[Source "ChessBase"]
[SourceQuality "1"]
[TimeControl "5400+30"]

1. e4 c5 2. Nc3 d6 3. f4 g6 4. Nf3 Bg7 5. Bc4 Nc6 6. O-O Nf6 7. d3 O-O 8. Qe1 Nd4 9. Nxd4 cxd4 10. Ne2 d5 11. e5 dxc4 12. exf6 Bxf6 13. dxc4 Be6 14. Qf2 Bxc4 15. Rd1 Bxe2 16. Qxe2 Qc7 17. Rd3 Rfc8 18. c3 dxc3 19. bxc3 Bxc3 20. Rb1 Rd8 21. Be3 Rxd3 22. Qxd3 Rd8 23. Qe4 Bd2 24. Bxa7 b5 25. Be3 Bxe3+ 26. Qxe3 Qc2 27. Rc1 Qd2 28. Re1 Qxe3+ 29. Rxe3 e6 30. Rb3 Rd5 31. Kf2 Kf8 32. Kf3 Ke7 33. g3 Kd6 34. Ra3 Kc6 35. Ra7 Rd7 36. Ra8 Kd5 37. Ra5 Kc4 38. Ke4 b4 39. Ra8 Rd2 40. h4 Rd5 41. Ra7 f5+ 42. Ke3 Rd3+ 43. Kf2 Ra3 44. Rc7+ Kd3 45. Rd7+ Kc2 46. Rc7+ Kb2 47. Rb7 Rxa2 48. Ke2 b3 49. Kd3 Ra4 50. Rb8 Ka2 51. Kc3 Ra7 52. Rxb3 Rc7+ 53. Kd4 Kxb3 54. Ke5 Rc3 55. Kxe6 Rxg3 56. Kf6 Rg4 57. h5 Rxf4 58. hxg6 hxg6 59. Kxg6 Rf1 60. Kg5 Kc3 61. Kf6 Kd3 62. Ke6 f4 63. Kd5 f3 64. Kc5 f2 65. Kd6 Re1 66. Kc5 f1=Q 67. Kd5 Qf5+ 68. Kc6 Re6+ 69. Kd7 Qf7+ 70. Kd8 Re8# 0-1

[Event "34th MPL National U12G Chess-ch 2022"]
[Site "Mysore"]
[Date "2022.04.13"]
[Round "10.1"]
[White "Shubhi Gupta"]
[Black "Shreya G Hipparagi"]
[Result "0-1"]
[ECO "D59"]
[WhiteElo "1434"]
[BlackElo "1552"]
[Annotator "NA RC"]
[PlyCount "118"]
[EventDate "2022.04.09"]
[EventCountry "IND"]
[SourceTitle "playchess.com"]
[Source "ChessBase"]
[SourceQuality "1"]
[TimeControl "5400+30"]

1. d4 Nf6 2. c4 e6 3. Nf3 d5 4. Nc3 Be7 5. Bg5 h6 6. Bh4 O-O 7. e3 b6 8. cxd5 Nxd5 9. Bxe7 Qxe7 10. Bd3 Bb7 11. Nxd5 Bxd5 12. O-O Nd7 13. Rc1 c5 14. Bb1 Rac8 15. Qd3 Nf6 16. Nd2 Bb7 17. e4 g6 18. e5 Nd5 19. f4 Rfd8 20. Qh3 Kg7 21. Ne4 cxd4 22. Rxc8 Rxc8 23. Nd6 Rc7 24. f5 exf5 25. Rxf5 Bc8 26. Qg3 Qe6 27. Rf1 Ne3 28. Re1 Ba6 29. h4 Re7 30. Rxe3 dxe3 31. Nf5+ Kh7 32. Nxe7 Qxe7 33. h5 Qg5 34. Qf3 Bc4 35. b3 e2 36. hxg6+ fxg6 37. Qb7+ Kh8 38. Qc8+ Bg8 39. Qc3 Be6 40. Kf2 Qg4 41. Qe3 Kg7 42. Bd3 Bd5 43. g3 Qf3+ 44. Qxf3 Bxf3 45. Bxe2 Bxe2 46. Kxe2 h5 47. a4 g5 48. b4 Kf7 49. Ke3 Ke6 50. Ke4 h4 51. gxh4 gxh4 52. a5 h3 53. Kf3 Kxe5 54. Kg3 Kd4 55. Kxh3 Kc4 56. Kg3 Kxb4 57. axb6 axb6 58. Kf3 Kc3 59. Ke2 Kc2 0-1

[Event "34th MPL National U12G Chess-ch 2022"]
[Site "Mysore"]
[Date "2022.04.13"]
[Round "10.2"]
[White "Kalyani Sirin"]
[Black "Sherali Pattnaik"]
[Result "0-1"]
[ECO "B41"]
[WhiteElo "1243"]
[BlackElo "1209"]
[Annotator "NA RC"]
[PlyCount "92"]
[EventDate "2022.04.09"]
[EventCountry "IND"]
[SourceTitle "playchess.com"]
[Source "ChessBase"]
[SourceQuality "1"]
[TimeControl "5400+30"]

1. e4 c5 2. Nf3 e6 3. d4 cxd4 4. Nxd4 a6 5. c4 Nf6 6. Nc3 d6 7. Be3 Be7 8. Be2 O-O 9. O-O Nbd7 10. Rc1 Qc7 11. f3 b6 12. Qd2 Bb7 13. Kh1 Rac8 14. b3 Qb8 15. g4 Ne5 16. g5 Nfd7 17. f4 Nc6 18. Bf3 Qa8 19. Qg2 Nc5 20. Rcd1 Rfd8 21. h4 Bf8 22. h5 Ne7 23. b4 Nd7 24. g6 hxg6 25. hxg6 Nxg6 26. Nxe6 Nh4 27. Qg4 Nf6 28. Qxh4 fxe6 29. Bxb6 Re8 30. Rd4 e5 31. fxe5 dxe5 32. Nd5 Nxd5 33. Bh5 Nf6 34. Rxf6 gxf6 35. Bf7+ Kxf7 36. Qh7+ Bg7 37. Rd7+ Re7 38. Rxe7+ Kxe7 39. Qxg7+ Ke6 40. Qg4+ Kd6 41. c5+ Kc6 42. Qe6+ Kb5 43. Qd7+ Kc4 44. Qe6+ Kd3 45. Qb3+ Kxe4 46. Qc2+ Kf4+ 0-1

[Event "34th MPL National U12G Chess-ch 2022"]
[Site "Mysore"]
[Date "2022.04.13"]
[Round "10.3"]
[White "Saparya Ghosh"]
[Black "Charvi A"]
[Result "1-0"]
[ECO "E67"]
[WhiteElo "1341"]
[BlackElo "1267"]
[Annotator "NA RC"]
[PlyCount "87"]
[EventDate "2022.04.09"]
[EventCountry "IND"]
[SourceTitle "playchess.com"]
[Source "ChessBase"]
[SourceQuality "1"]
[TimeControl "5400+30"]

1. d4 Nf6 2. c4 g6 3. g3 Bg7 4. Bg2 O-O 5. Nc3 d6 6. Nf3 Nbd7 7. O-O Re8 8. e4 a6 9. Re1 c5 10. e5 dxe5 11. dxe5 Ng4 12. Bf4 e6 13. Qe2 Qc7 14. h3 Nh6 15. g4 Rb8 16. Qe3 Nb6 17. Bxh6 Nxc4 18. Qf4 Nxb2 19. Bxg7 Kxg7 20. Qf6+ Kg8 21. Ne4 Nd3 22. Re3 Nb4 23. Qh4 Nd5 24. Nf6+ Nxf6 25. exf6 Qf4 26. Rae1 h5 27. Re4 Qh6 28. g5 Qh7 29. Rc4 b6 30. Qg3 Bb7 31. Ne5 Bd5 32. Rc2 Rbd8 33. Nc6 Bxc6 34. Bxc6 Rf8 35. Rb1 h4 36. Qe3 Rb8 37. Bf3 Rfd8 38. Rcb2 Rd6 39. Qe5 Rbd8 40. Rxb6 Rd3 41. Rb8 c4 42. Rxd8+ Rxd8 43. Rb8 Rxb8 44. Qxb8# 1-0

[Event "34th MPL National U12G Chess-ch 2022"]
[Site "Mysore"]
[Date "2022.04.13"]
[Round "10.4"]
[White "Aadya Gupta"]
[Black "Arshiya Das"]
[Result "1-0"]
[ECO "E07"]
[WhiteElo "1218"]
[BlackElo "1407"]
[Annotator "NA RC"]
[PlyCount "85"]
[EventDate "2022.04.09"]
[EventCountry "IND"]
[SourceTitle "playchess.com"]
[Source "ChessBase"]
[SourceQuality "1"]
[TimeControl "5400+30"]

1. d4 d5 2. Nf3 Nf6 3. g3 e6 4. Bg2 Be7 5. O-O O-O 6. c4 c6 7. Nc3 Nbd7 8. b3 Qc7 9. Bb2 b6 10. Rc1 Ba6 11. Nd2 Bb4 12. e4 dxe4 13. Ndxe4 Rad8 14. Qc2 Bxc3 15. Qxc3 Nxe4 16. Bxe4 Nf6 17. Bg2 c5 18. dxc5 Qxc5 19. Rfd1 Qe7 20. b4 Rxd1+ 21. Rxd1 Rd8 22. Rc1 Bb7 23. c5 Bxg2 24. Kxg2 Qf8 25. a3 bxc5 26. bxc5 Rc8 27. Qa5 Ne4 28. c6 Qe7 29. c7 Qd6 30. Qxa7 Nd2 31. Qd4 Qxd4 32. Bxd4 Kf8 33. Bb6 Ke7 34. a4 Ne4 35. a5 Kd7 36. a6 Nf6 37. a7 Nd5 38. Ba5 Ra8 39. Kf3 Kc8 40. Rb1 Nxc7 41. Bb6 Nd5 42. Bc5 Kc7 43. Rb8 1-0

[Event "34th MPL National U12G Chess-ch 2022"]
[Site "Mysore"]
[Date "2022.04.13"]
[Round "10.5"]
[White "Nivedita V C"]
[Black "Prishita Gupta"]
[Result "1-0"]
[ECO "D35"]
[WhiteElo "1200"]
[BlackElo "1412"]
[Annotator "NA RC"]
[PlyCount "75"]
[EventDate "2022.04.09"]
[EventCountry "IND"]
[SourceTitle "playchess.com"]
[Source "ChessBase"]
[SourceQuality "1"]
[TimeControl "5400+30"]

1. d4 d5 2. c4 e6 3. Nc3 Nf6 4. Bf4 c6 5. e3 Bd6 6. Bg3 Qc7 7. Nf3 Nbd7 8. Bd3 b6 9. O-O O-O 10. Rc1 Bxg3 11. hxg3 Qb8 12. e4 dxe4 13. Nxe4 Bb7 14. c5 Nxe4 15. Bxe4 bxc5 16. Qc2 Nf6 17. dxc5 h6 18. Rfd1 Nd5 19. Bxd5 exd5 20. Re1 Qc7 21. Nd4 g6 22. Re3 Qd8 23. Ne6 fxe6 24. Qxg6+ Kh8 25. Qxh6+ Kg8 26. Qg6+ Kh8 27. Re5 Rf5 28. Qh6+ Kg8 29. Rxe6 Rg5 30. Rce1 Rg7 31. Qh5 Rf7 32. Qg6+ Kf8 33. Qh6+ Rg7 34. Re7 Qxe7 35. Rxe7 Kxe7 36. Qxg7+ Ke8 37. Qxb7 Rd8 38. Qxc6+ 1-0

[Event "34th MPL National U12G Chess-ch 2022"]
[Site "Mysore"]
[Date "2022.04.13"]
[Round "10.6"]
[White "Vidula Anbuselvan"]
[Black "Shriyana S Mallya"]
[Result "0-1"]
[ECO "C60"]
[WhiteElo "1125"]
[BlackElo "1277"]
[Annotator "NA RC"]
[PlyCount "140"]
[EventDate "2022.04.09"]
[EventCountry "IND"]
[SourceTitle "playchess.com"]
[Source "ChessBase"]
[SourceQuality "1"]
[TimeControl "5400+30"]

1. e4 e5 2. Nf3 Nc6 3. Bb5 Nge7 4. d4 exd4 5. Nxd4 Ng6 6. c3 Be7 7. Be3 Nxd4 8. cxd4 c6 9. Bd3 d5 10. Nc3 dxe4 11. Bxe4 O-O 12. f4 f5 13. Bf3 Bd6 14. Qd2 Re8 15. O-O a6 16. Rad1 Bd7 17. a3 Qc7 18. g3 Rad8 19. Qf2 Nh8 20. Kh1 Rb8 21. Rc1 Qd8 22. Na4 Nf7 23. Nc5 Be6 24. Nxe6 Rxe6 25. d5 cxd5 26. Bxd5 Re7 27. Rfd1 Rc7 28. Bxf7+ Rxf7 29. Bc5 Rf6 30. Qd2 Bc7 31. Qc3 Qe8 32. Qc4+ Rf7 33. Bf2 Rd8 34. Rxd8 Qxd8 35. Qe2 Re7 36. Qc4+ Rf7 37. Bd4 b5 38. Qc5 Rd7 39. Be3 g6 40. Qc2 Bb6 41. Bxb6 Qxb6 42. Qb3+ Kg7 43. Qc3+ Kh6 44. Qc6 Qd4 45. Qg2 Qe3 46. Qh3+ Kg7 47. Qf1 a5 48. Qe1 Qf3+ 49. Kg1 Kh6 50. Qf1 Qe3+ 51. Kh1 Qe4+ 52. Kg1 Qd4+ 53. Kh1 Qxb2 54. Rb1 Qxa3 55. Rxb5 Qa4 56. Rb1 Qe4+ 57. Kg1 a4 58. Qe1 Qxe1+ 59. Rxe1 a3 60. Ra1 Ra7 61. Kf2 a2 62. Ke3 Kh5 63. h3 Ra3+ 64. Kf2 g5 65. fxg5 Kxg5 66. Kg2 Kf6 67. Kf2 Ke5 68. Ke2 Rxg3 69. Kf2 Rxh3 70. Kg2 Ra3 0-1